 Dungeon Crawl Stone Soup version 0.27-a0-1136-g0b992a5a9d (console) character file.

Game seed: 18263558984603149012

267 nht the Stinger (level 6, -1/61 HPs)
             Began as a Demonspawn Venom Mage on May 5, 2021.
             Slain by an orc
             ... wielding a +0 trident
              (2 damage)
             ... on level 4 of the Dungeon.
             The game lasted 00:06:30 (3831 turns).

nht the Stinger (Demonspawn Venom Mage)             Turns: 3831, Time: 00:06:31

Health: -1/61      AC:  4    Str:  8    XL:     6   Next: 0%
Magic:  1/9        EV: 12    Int: 18    God:
Gold:   167        SH:  0    Dex: 14    Spells: 6/9 levels left

rFire    . . .     SeeInvis .   n - +0 dagger (freeze)
rCold    . . .     Faith    .   (no shield)
rNeg     . . .     Spirit   .   a - +1 robe
rPois    .         Reflect  .   (no helmet)
rElec    .         Harm     .   (no cloak)
rCorr    .         Rampage  .   (no gloves)
Will     .....                  o - +0 pair of boots
Stlth    ..........             b - amulet of the acrobat
HPRegen  0.20/turn              m - ring of flight
MPRegen  0.11/turn              (no ring)

@: berserking (expiring), flying, very quick
A: talons 2, sturdy frame 1, demonic magic 1
a: no special abilities


You were on level 4 of the Dungeon.
You visited 1 branch of the dungeon, and saw 6 of its levels.

You collected 167 gold pieces.

Inventory:

Hand Weapons
 n - a +0 dagger of freezing (weapon)
Missiles
 p - 5 curare-tipped darts
Armour
 a - a +1 robe (worn)
 o - a +0 pair of boots (worn)
Jewellery
 b - an amulet of the acrobat (around neck)
 m - a ring of flight (left hand)
Scrolls
 d - 4 scrolls of enchant armour
 j - a scroll of brand weapon
Potions
 c - a potion of flight
 i - a potion of attraction
 k - a potion of berserk rage


   Skills:
 + Level 2.1 Short Blades
 - Level 1.7 Dodging
 - Level 1.7 Stealth
 - Level 2.0 Spellcasting
 - Level 0.8 Transmutations
 + Level 6.2 Poison Magic


You had 6 spell levels left.
You knew the following spells:

 Your Spells              Type           Power      Damage    Failure   Level
a - Sting                 Tmut/Pois      56%        1d5       4%          1
b - Poisonous Vapours     Pois/Air       24%        N/A       8%          2

Your spell library contained the following spells:

 Spells                   Type           Power      Damage    Failure   Level
 Olgreb's Toxic Radiance  Pois           24%        N/A       14%         4
 Ignite Poison            Fire/Tmut/Pois 10%        N/A       21%         3
 Mephitic Cloud           Conj/Pois/Air  9%         N/A       24%         3


Dungeon Overview and Level Annotations

Branches:
Dungeon (6/15)
 Temple: D:4-7

Altars:
Dithmenos

Shops:
D:6 [


Innate Abilities, Weirdness & Mutations

You have razor-sharp toenails.
Your movements are slightly less encumbered by armour. (ER -2)
Spells you cast may paralyse adjacent enemies.


Message History

You puncture the orc! You freeze the orc.
You kill the orc!
The orc closely misses you.
The kobold throws a stone.
The stone barely misses you.
You miss the orc wizard. You puncture the orc wizard!
You freeze the orc wizard.
You kill the orc wizard!
The orc hits you from afar with a +0 trident.
* * * LOW HITPOINT WARNING * * *
Your Short Blades skill increases to level 2!
You have reached level 6!
Your experience leads to an increase in your attributes!
Increase (S)trength, (I)ntelligence, or (D)exterity?
You feel clever.
You hit the kobold. You freeze the kobold.
The kobold is severely wounded.
The orc hits you from afar with a +0 trident!
* * * LOW HITPOINT WARNING * * *
You are too injured to fight recklessly!
You barely miss the kobold.
The kobold is severely wounded.
The kobold closely misses you.
You puncture the kobold! You freeze the kobold.
You kill the kobold!
The orc hits you from afar with a +0 trident.
* * * LOW HITPOINT WARNING * * *
Items here: ( ))))) [ ††.
You completely miss the orc. The orc closely misses you.
You hit the orc. You freeze the orc.
The orc is moderately wounded.
You hit the orc but do no damage.
The orc is moderately wounded.
The orc hits you with a +0 trident!
* * * LOW HITPOINT WARNING * * *
You hit the orc. You freeze the orc.
The orc is severely wounded.
You barely miss the orc.
The orc is severely wounded.
The orc hits you with a +0 trident.
You die...

███.█.█ █.█.█
█.█.██ █....█ █
███..█ █. ██..█
█.█ ██...█
███.o████.███.█
█...$@....█ .█
....██†██...█
.█ █ █.
█.██...██ ..
..█ █.██
...██.█ .█ ██..
█.. █ ... ███
█.█


You could see an orc.

Vanquished Creatures
  A centaur zombie (D:5)
  2 iguanas
  3 orc wizards
  Terence (D:2)
  An adder (D:2)
  A gnoll (D:6)
  2 ufetubi
  2 worms (D:3)
  A dart slug (D:2)
  3 orcs (D:4)
  2 bats
  8 endoplasms
  2 giant cockroaches
  5 goblins
  5 hobgoblins
  3 kobolds
  2 quokkas
  3 ball pythons
  A frilled lizard (D:1)
  2 rats
50 creatures vanquished.

Notes
Turn   | Place    | Note
-------+----------+-------------------------------------------
     0 | D:1      | nht the Demonspawn Venom Mage began the quest for the Orb.
     0 | D:1      | Reached XP level 1. HP: 13/13 MP: 3/3
   654 | D:1      | Gained mutation: You have sharp toenails. [demonic
                  | ancestry]
   654 | D:1      | Reached XP level 2. HP: 19/19 MP: 0/5
   811 | D:1      | Learned a level 2 spell: Poisonous Vapours
  1396 | D:1      | Reached skill level 4 in Poison Magic
  1838 | D:2      | Gained mutation: Spells you cast may paralyse adjacent
                  | enemies. [demonic ancestry]
  1838 | D:2      | Reached XP level 3. HP: 19/24 MP: 0/6
  2148 | D:2      | Found a faded altar of an unknown god.
  2179 | D:2      | Noticed Terence
  2186 | D:2      | Killed Terence
  2849 | D:3      | Gained mutation: Your movements are slightly less
                  | encumbered by armour. (ER -2) [demonic ancestry]
  2849 | D:3      | Reached XP level 4. HP: 30/30 MP: 2/7
  2938 | D:3      | Reached skill level 5 in Poison Magic
  3331 | D:3      | Found a shadowy altar of Dithmenos.
  3340 | D:3      | You are sucked into a shaft and drop 3 floors!
  3340 | D:6      | Found Xoqatat's Antique Armour Shoppe.
  3369 | D:6      | Gained mutation: You have razor-sharp toenails. [demonic
                  | ancestry]
  3369 | D:6      | Reached XP level 5. HP: 19/35 MP: 5/8
  3568 | D:6      | Noticed an ogre
  3576 | D:5      | Entered Level 5 of the Dungeon
  3630 | D:5      | Reached skill level 1 in Short Blades
  3726 | D:4      | Reached skill level 6 in Poison Magic
  3823 | D:4      | Reached XP level 6. HP: 17/41 MP: 0/9
  3829 | D:4      | HP: 1/61 [orc/+0 trident (8)]
  3831 | D:4      | Slain by an orc

Illustrated notes

Levels and vault maps discovered:
D:1:      eino_arrival_tree_alley, layout_basic,
          corexii_item_surrounded_by_moat, moated_statue
D:2:      layout_basic, ebering_ecumenical_altar_ruins, uniq_terence
D:3:      layout_loops_ring, nicolae_overflow_crystal_walls, old_standard_altar,
          roderic_serpentine_path, minmay_distorted
D:4:      layout_loops_ring, nicolae_overflow_hidden_temple,
          beargit_hepliaklqana_dungeon_heroes
D:5:      layout_rooms, kennysheep_little_box, serial_shops,
          nicolae_shop_statue_plus, chequers_serial_rivers_small_a,
          grunt_decor_one_mirror
D:6:      layout_basic, serial_shops, shop

Skill      XL: |  1  2  3  4  5 |
---------------+----------------+-----
Poison Magic   | 4 5 6 |  6.2
Short Blades   | 2 |  2.1
Dodging        | |  1.7
Stealth        | |  1.7
Spellcasting   | |  2.0
Transmutations | |  0.8

Action                   |  1- 3 |  4- 6 || total
-------------------------+-------+-------++-------
Melee: Unarmed           |    13 |       ||    13
       Kick              |     2 |       ||     2
       Dagger            |       |    35 ||    35
 Cast: Sting             |    41 |    25 ||    66
       Poisonous Vapours |    14 |     8 ||    22
  Use: Scroll            |     1 |     8 ||     9
       Potion            |       |     1 ||     1
 Stab: Paralysed         |     5 |    17 ||    22
       Sleeping          |       |     2 ||     2
Armor: Robe              |     1 |     5 ||     6
Dodge: Dodged            |    16 |    20 ||    36

Table legend: (Time is in decaauts)
 A = Elapsed time spent in this place.
 B = Non-inter-level travel time spent in this place.
 C = Inter-level travel time spent in this place.
 D = Time resting spent in this place.
 E = Time spent auto-exploring this place.
 F = Levels seen in this place.
 G = Mean time per level.
                   A        B        C        D        E       F      G
               +--------+--------+--------+--------+--------+-----+--------+
         Total |   3824 |   3736 |     88 |     51 |   3258 |   6 |  637.3 |
       Dungeon |   3824 |   3736 |     88 |     51 |   3258 |   6 |  637.3 |
               +--------+--------+--------+--------+--------+-----+--------+

Top non-repeatable levels by time:
     D:1: 1572 daAuts
     D:2: 1116 daAuts
     D:3: 650 daAuts
     D:6: 235 daAuts
     D:4: 135 daAuts
     D:5: 113 daAuts
